 Dungeon Sprint DCSS version 0.13-a0-2648-g56e3d78 (webtiles) character file.

475 JacquesDerrida the Archer (level 6, -4/39 HPs)
             Began as a High Elf Hunter on Aug 9, 2013.
             Asphyxiated
             ... in the Dungeon (Sprint I: "Red Sonja").
             The game lasted 00:02:50 (660 turns).

JacquesDerrida the Archer (High Elf Hunter)          Turns: 660, Time: 00:02:51

HP  -4/39        AC  6     Str 12      XL: 6   Next: 24%
MP   9/9         EV 17     Int 19      God:
Gold 148         SH  0     Dex 16      Spells:  0 memorised,  5 levels left

Res.Fire  : + + .   See Invis. : .   b - +1 elf bow
Res.Cold  : + . .   Warding    : .   n - +1 leather armour {rC+}
Life Prot.: . . .   Conserve   : .   (no shield)
Res.Poison: .       Res.Corr.  : .   (no helmet)
Res.Elec. : .       Clarity    : .   m - +1 cloak of Ablash {rF++ Int+3 Stlth--}
Sust.Abil.: . .     Spirit.Shd : .   (no gloves)
Res.Mut.  : .       Prev.Telep.: +   (no boots)
Res.Rott. : .       Flight     : .   (no amulet)
Saprovore : . . .                    (no ring)
                                     (no ring)

@: short of breath, very poisoned, hasted, very quick, slightly resistant to
hostile enchantments, extremely unstealthy
A: no striking features
a: no special abilities


You were in the Dungeon.
You were not hungry.

You visited 1 branch You collected 304 gold pieces.
You spent 176 gold pieces at shops.

Inventory:

Hand weapons
 a - a +0,+0 elven short sword
 b - a +1,+1 elven bow (weapon)
 l - a +0,+0 scythe
Missiles
 c - 12 arrows (quivered)
Armour
 d - a +0 elven leather armour
 e - a +0 robe of magic resistance
 m - the +1 cloak of Ablash (worn) {rF++ Int+3 Stlth--}
   (You bought it in a shop in the Dungeon)

   It affects your intelligence (+3).
   It greatly protects you from fire.
   It makes you much less stealthy.
 n - a +1 leather armour of cold resistance (worn)
Comestibles
 f - a bread ration
Scrolls
 g - a scroll of summoning {unknown}
 k - a scroll of blinking
Potions
 i - 2 potions of magic
 j - a potion of berserk rage


   Skills:
 - Level 1.0 Fighting
 * Level 14.3 Bows
 + Level 8.7 Dodging
 - Level 1.1 Stealth


You had 5 spell levels left.
You didn't know any spells.

Dungeon Overview and Level Annotations

Branches:
Dungeon (1/1)

Altars:
Fedhas
Trog
Xom
the Shining One

Shops:
D: [

Annotations
D Sonja


Message History

* * * LOW HITPOINT WARNING * * *
You feel sick.
Unknown command.
* * * LOW HITPOINT WARNING * * *
You feel sick.
Sonja mumbles some strange words.
Sonja blinks!
There is an open door here.
* * * LOW HITPOINT WARNING * * *
You feel sick.
* * * LOW HITPOINT WARNING * * *
You feel sick.
You feel a little better.
* * * LOW HITPOINT WARNING * * *
You feel sick.
Sonja shouts, "Too slow!"
Sonja shoots a curare-tipped needle.
The curare-tipped needle hits you!
You are more poisoned.
You have difficulty breathing.
You die...

################
#<<#.)'..#..'..#
#<)'..#..%..#..+
#..#####'#####'#
#..####..#§..#.#
#..#_.####.(##.#
#.%#.....##'#@.+
#⌠⌠#_.∩..K'..._#
####.....##_(#+#
#_._._###(#
####### #.# $.$
$.$# ##.## #+#


You could see Sonja.

Vanquished Creatures
  An elephant slug (D)
  An ogre (D)
  Sigmund (D)
  Ijyb (D)
  A jelly (D)
5 creatures vanquished.

Vanquished Creatures (others)
  A metal gargoyle (D)
1 creature vanquished.

Grand Total: 6 creatures vanquished

Notes
Turn   | Place    | Note
--------------------------------------------------------------
     0 | D        | JacquesDerrida, the High Elf Hunter, began the quest for the Orb.
     0 | D        | Reached XP level 1. HP: 14/14 MP: 1/1
     1 | D        | Noticed Ijyb
    13 | D        | Killed Ijyb
    13 | D        | Reached skill level 7 in Bows
    13 | D        | Reached XP level 2. HP: 10/19 MP: 2/2
   167 | D        | Noticed an ogre
   173 | D        | Killed an ogre
   173 | D        | Reached skill level 10 in Bows
   173 | D        | Reached skill level 5 in Dodging
   173 | D        | Reached XP level 3. HP: 24/24 MP: 4/4
   173 | D        | Reached XP level 4. HP: 29/29 MP: 6/6
   196 | D        | Noticed Sigmund
   212 | D        | Killed Sigmund
   212 | D        | Reached skill level 12 in Bows
   212 | D        | Reached XP level 5. HP: 18/34 MP: 7/7
   339 | D        | Found a blossoming altar of Fedhas.
   341 | D        | Found a bloodstained altar of Trog.
   535 | D        | Found a bloodstained altar of Trog.
   535 | D        | Found a glowing golden altar of the Shining One.
   535 | D        | Found Uskuacem's Antique Armour Emporium.
   535 | D        | Found a shimmering altar of Xom.
   535 | D        | Found a bloodstained altar of Trog.
   535 | D        | Noticed an elephant slug
   579 | D        | Killed a metal gargoyle
   585 | D        | Killed an elephant slug
   585 | D        | Reached skill level 14 in Bows
   585 | D        | Reached XP level 6. HP: 39/39 MP: 9/9
   615 | D        | Found a blossoming altar of Fedhas.
   619 | D        | Bought a heavily runed cloak for 132 gold pieces
   619 | D        | Bought a dyed leather armour for 44 gold pieces
   630 | D        | Identified the +1 cloak of Ablash {rF++ Int+3 Stlth--} (You bought it in a shop in the Dungeon)
   644 | D        | Noticed Sonja
   660 | D        | Asphyxiated

Action                   |  1- 3 |  4- 6 || total
-------------------------+-------+-------++-------
Melee: Scythe            |       |     9 ||     9
 Fire: Bow               |    17 |    33 ||    50
  Use: Potion            |       |     3 ||     3
